Map: Cactus Valley LE (Void)

Players

Gallahad

  • Race: Terran Terran
  • League: Grandmaster

EasyBreezy

  • Race: Terran Terran
  • League: Grandmaster

bobr

  • Race: Zerg Zerg
  • League: Grandmaster

BobrHiGlove

  • Race: Zerg Zerg
  • League: Grandmaster

VOD

Have the link to the VOD?

Description

Time

  • Played on: June 26, 2015, 1:03 a.m.
  • Length: 9:09
Show
View Real Time Build Order
Export as new Build Order

Gallahad Terran 

Build Orders:  

Get SALT Encoding   

  12  0:00  SCV  
  13  0:12  SCV  
  14  0:19  Supply Depot  
  14  0:24  SCV  
  15  0:29  Refinery  
  15  0:41  SCV  
  16  0:48  Barracks  
  16  0:53  SCV  
  17  1:05  SCV  
  17  1:08  Barracks  
  18  1:17  SCV  
  19  1:34  Orbital Command  
  19  1:35  Reaper  
  19  1:38  Supply Depot  
  20  1:55  Reaper  
  20  2:00  SCV  
  22  2:07  Reaper  
  23  2:13  SCV  
  24  2:25  Command Center  
  24  2:27  SCV, Reaper  
  26  2:35  Supply Depot  
  26  2:39  SCV, Reaper  
  26  2:43  Refinery  
  28  2:51  SCV  
  29  3:01  Reaper  
  29  3:03  SCV  
  31  3:11  Reaper  
  31  3:12  Bunker  
  32  3:16  SCV  
  33  3:25  Command Center  
  33  3:31  SCV  
  34  3:37  Orbital Command  
  34  3:46  Barracks Tech Lab  
  34  3:48  Factory  
  36  3:55  SCV  
  36  4:01  Barracks Tech Lab  
  35  4:04  Barracks Reactor, SCV  
  35  4:07  SCV, Refinery  
  37  4:12  Supply Depot  
  37  4:16  SCV  
  38  4:19  SCV  
  39  4:28  SCV  
  40  4:31  Starport  
  40  4:32  SCV, Factory Reactor  
  42  4:39  Orbital Command  
  42  4:40  SCV  
  42  4:42  Refinery  
  42  4:44  SCV  
  43  4:48  Starport  
  43  4:52  SCV  
  43  4:54  Armory  
  43  4:56  SCV, Liberator  
  44  5:04  SCV  
  45  5:08  SCV  
  45  5:09  SCV  
  49  5:16  SCV, Liberator x2  
  49  5:20  SCV  
  51  5:29  Hellion  
  51  5:34  SCV x2  
  59  5:37  Marine x3  
  59  5:39  SCV  
  63  5:46  SCV  
  63  5:47  SCV  
  65  5:50  Hellion  
  65  5:51  SCV  
  65  5:54  Marine  
  65  5:56  Orbital Command  
  69  5:58  SCV  
  70  6:06  Liberator  
  70  6:08  SCV  
  70  6:11  SCV  
  72  6:13  Marine, Liberator  
  72  6:14  Marine  
  72  6:16  Refinery  
  72  6:17  Command Center, Factory Tech Lab  
  75  6:19  Refinery  
  75  6:20  Liberator  
  76  6:30  Supply Depot x2  
  76  6:31  Supply Depot  
  79  6:32  SCV  
  79  6:33  SCV x2  
  79  6:38  Barracks Tech Lab  
  79  6:39  Hellion  
  85  6:50  Liberator  
  85  6:51  SCV x3  
  88  6:55  Liberator  
  88  7:02  Liberator  
  88  7:03  SCV x3  
  88  7:04  Supply Depot  
  88  7:06  Supply Depot  
  93  7:09  Supply Depot  
  95  7:15  SCV  
  95  7:16  SCV x2  
  95  7:21  Infernal Pre-Igniter, Unknown  
  99  7:28  SCV  
  100  7:33  Orbital Command  
  100  7:34  Liberator  
  100  7:36  Command Center, SCV x2  
  102  7:40  SCV  
  103  7:45  Supply Depot  
  103  7:46  Supply Depot  
  103  7:48  Supply Depot  
  103  7:58  Starport  
  105  8:04  Hellion  
  105  8:05  Viking  
  111  8:07  Command Center  
  111  8:12  Barracks Reactor  
  111  8:26  Hellion  
  121  8:43  Command Center  
Show
View Real Time Build Order
Export as new Build Order

EasyBreezy Terran 

Build Orders:  

Get SALT Encoding   

  12  0:01  Drone  
  13  0:11  Drone  
  14  0:21  Drone, Extractor  
  15  0:45  Hatchery  
  14  0:50  Drone, Extractor x2  
  14  0:51  Drone  
  16  1:05  Spawning Pool  
  16  1:06  Extractor  
  14  1:12  Overlord  
  14  1:30  Drone  
  14  1:31  Drone x2  
  17  1:41  Drone  
  18  1:51  Queen  
  20  1:58  Queen  
  22  2:01  Drone x2  
  22  2:04  Drone  
  25  2:11  Metabolic Boost  
  25  2:14  Zergling x2  
  26  2:21  Zergling x4  
  28  2:27  Overlord  
  28  2:45  Drone x3  
  28  2:49  Spine Crawler  
  28  2:50  Spine Crawler  
  28  2:58  Spine Crawler  
  28  3:04  Spine Crawler  
  24  3:25  Drone  
  24  3:26  Drone x6  
  29  3:30  Zergling x2  
  30  3:39  Roach Warren  
  29  3:49  Spine Crawler  
  28  3:59  Zergling x4  
  29  4:19  Spine Crawler  
  28  4:27  Overlord x3  
  28  4:28  Zergling x2  
  28  4:30  Overlord x2  
  29  4:40  Queen  
  28  4:53  Roach  
  28  4:54  Roach x3  
  28  4:59  Roach  
  37  5:01  Roach  
  39  5:07  Roach  
  39  5:10  Roach  
  42  5:23  Roach x2  
  44  5:42  Roach x2  
  45  5:53  Roach  
  45  5:54  Roach x4  
  55  6:08  Roach  
  57  6:15  Lair  
  57  6:18  Drone  
  58  6:23  Roach x4  
  66  6:35  Roach  
  67  6:54  Roach  
  67  6:55  Overlord  
  69  7:05  Overlord  
  69  7:06  Overlord  
  69  7:20  Hatchery  
  68  7:23  Roach  
  68  7:24  Roach x2  
  74  7:39  Hatchery  
  73  7:46  Roach  
  73  7:50  Roach  
  77  7:58  Roach  
  79  8:05  Roach  
  81  8:12  Roach  
  83  8:18  Roach  
  85  8:26  Roach  
  87  8:30  Roach  
  89  8:34  Drone  
  90  8:44  Drone  
  92  8:58  Hydralisk Den  
  92  9:01  Spore Crawler  
  86  9:05  Spore Crawler  
Show
View Real Time Build Order
Export as new Build Order

bobr Zerg 

Build Orders:  

Get SALT Encoding   

Show
View Real Time Build Order
Export as new Build Order

BobrHiGlove Zerg 

Build Orders:  

Get SALT Encoding   

Tags
 
Add a new tag
Caveats
  • Supply blocks, unpowered buildings, or Contaminate may cause inaccurate times.
  • Supply counts are checked every 10 seconds.